% Time on Ice - PORTLAND PIRATES
Lines # - Real PCT - Wanted PCT - Time Play
Normal Forward
1 - 33% - 33% - 18:30
2 - 34% - 33% - 18:51
3 - 20% - 22% - 11:19
4 - 13% - 12% - 6:58
Normal Defense
1 - 33% - 34% - 18:24
2 - 35% - 34% - 19:15
3 - 22% - 22% - 12:04
4 - 11% - 10% - 5:55
PP Forward
1 - 54% - 60% - 1:04
2 - 46% - 40% - 0:55
PP Defense
1 - 46% - 60% - 0:55
2 - 54% - 40% - 1:04
PK Forward
1 - 76% - 60% - 1:31
2 - 24% - 40% - 0:28
PK Defense
1 - 59% - 60% - 1:10
2 - 41% - 40% - 0:49
PK3 Forward
1 - 0% - 55%
2 - 0% - 45%
PK3 Defense
1 - 0% - 55%
2 - 0% - 45%
44 Forward
1 - 0% - 55%
2 - 0% - 45%
44 Defense
1 - 0% - 55%
2 - 0% - 45%
Last Minute Offensive  - 0:24
Last Minute Defensive  - 0:00
Total
Forward - 60:00
Defense - 60:00
% Time on Ice - ANAHEIM OUTLAWS
Lines # - Real PCT - Wanted PCT - Time Play
Normal Forward
1 - 29% - 36% - 16:06
2 - 34% - 31% - 19:08
3 - 27% - 23% - 14:55
4 - 10% - 10% - 5:39
Normal Defense
1 - 33% - 36% - 18:13
2 - 34% - 31% - 18:48
3 - 28% - 23% - 15:39
4 - 6% - 10% - 3:08
PP Forward
1 - 43% - 55% - 0:51
2 - 57% - 45% - 1:08
PP Defense
1 - 43% - 55% - 0:51
2 - 57% - 45% - 1:08
PK Forward
1 - 56% - 55% - 1:07
2 - 44% - 45% - 0:52
PK Defense
1 - 47% - 55% - 0:56
2 - 53% - 45% - 1:03
PK3 Forward
1 - 0% - 55%
2 - 0% - 45%
PK3 Defense
1 - 0% - 55%
2 - 0% - 45%
44 Forward
1 - 0% - 55%
2 - 0% - 45%
44 Defense
1 - 0% - 55%
2 - 0% - 45%
Last Minute Offensive  - 0:00
Last Minute Defensive  - 0:14
Total
Forward - 60:00
Defense - 60:00
Play-by-Play 1st period 0:01 of 1st period - Mika Zibanejad wins face-off versus Evgeny Kuznetsov in neutral zone. 0:03 of 1st period - Yanni Gourde is hit by Jacob Trouba and loses puck. 0:19 of 1st period - Evgeny Kuznetsov is hit by Marc Staal and loses puck. 1:46 of 1st period - Icing by Thomas Chabot. 1:47 of 1st period - Robert Thomas wins face-off versus Pius Suter in PORTLAND PIRATES zone. 1:47 of 1st period - Robert Thomas is hit by Jack Quinn. 2:06 of 1st period - Shot by Pius Suter. 2:06 of 1st period - Stopped by Martin Jones without a rebound. 2:07 of 1st period - William Carrier wins face-off versus Evgeny Kuznetsov in PORTLAND PIRATES zone. 2:35 of 1st period - Icing by Alec Martinez. 2:36 of 1st period - Sam Steel wins face-off versus Pius Suter in PORTLAND PIRATES zone. 2:55 of 1st period - Jack Quinn is hit by William Carrier and loses puck. 3:10 of 1st period - Shot by Jack Quinn. 3:10 of 1st period - Deflect By Kent Johnson. 3:10 of 1st period - Stopped by Martin Jones without a rebound. 3:11 of 1st period - Robert Thomas wins face-off versus Evgeny Kuznetsov in PORTLAND PIRATES zone. 3:22 of 1st period - Shot by Travis Konecny. 3:22 of 1st period - Stopped by Jacob Markstrom without a rebound. 3:23 of 1st period - Mika Zibanejad wins face-off versus Adrian Kempe in ANAHEIM OUTLAWS zone. 3:27 of 1st period - Chandler Stephenson is hit by Henri Jokiharju and loses puck. 3:57 of 1st period - Icing by Noah Hanifin. 3:58 of 1st period - Adrian Kempe wins face-off versus Michael McLeod in ANAHEIM OUTLAWS zone. 4:07 of 1st period - Shot by William Carrier. 4:07 of 1st period - Stopped by Jacob Markstrom without a rebound. 4:08 of 1st period - Robert Thomas wins face-off versus Evgeny Kuznetsov in ANAHEIM OUTLAWS zone. 4:42 of 1st period - Shot by Kevin Fiala. 4:42 of 1st period - Shot Misses the Net. 4:52 of 1st period - Shot by Kevin Fiala. 4:52 of 1st period - Stopped by Martin Jones with a rebound. 5:10 of 1st period - Pius Suter is hit by Travis Konecny and loses puck. 5:35 of 1st period - Shot by Jack Quinn. 5:35 of 1st period - Stopped by Martin Jones with a rebound. 6:13 of 1st period - Shot by Michael McLeod. 6:13 of 1st period - Shot Misses the Net. 6:15 of 1st period - Shot by Nick Holden. 6:15 of 1st period - Deflect By William Carrier. 6:15 of 1st period - Stopped by Jacob Markstrom without a rebound. 6:16 of 1st period - Mika Zibanejad wins face-off versus Evgeny Kuznetsov in ANAHEIM OUTLAWS zone. 6:30 of 1st period - Shot by Chandler Stephenson. 6:30 of 1st period - Deflect By Yanni Gourde. 6:30 of 1st period - Shot Misses the Net. 6:37 of 1st period - Icing by Morgan Rielly. 6:38 of 1st period - Evgeny Kuznetsov wins face-off versus Sam Steel in ANAHEIM OUTLAWS zone. 7:16 of 1st period - Adrian Kempe is hit by William Carrier and loses puck. 7:26 of 1st period - Shot by Noah Hanifin. 7:26 of 1st period - Shot Misses the Net. 7:32 of 1st period - Shot by Michael Bunting. 7:32 of 1st period - Shot Misses the Net. 7:34 of 1st period - Shot by Adrian Kempe. 7:34 of 1st period - Shot Misses the Net. 7:38 of 1st period - Shot by Michael Bunting. 7:38 of 1st period - Shot Misses the Net. 7:40 of 1st period - Shot by Noah Hanifin. 7:40 of 1st period - Shot Blocked by Travis Hamonic. 7:42 of 1st period - Shot by Noah Hanifin. 7:42 of 1st period - Shot Misses the Net. 7:44 of 1st period - Shot by Henri Jokiharju. 7:44 of 1st period - Stopped by Martin Jones without a rebound. 7:45 of 1st period - Jack Quinn wins face-off versus Mika Zibanejad in PORTLAND PIRATES zone. 7:45 of 1st period - Jack Quinn is hit by Brett Pesce. 7:53 of 1st period - Shot by Pius Suter. 7:53 of 1st period - Stopped by Martin Jones without a rebound. 7:54 of 1st period - Mika Zibanejad wins face-off versus Evgeny Kuznetsov in PORTLAND PIRATES zone. 8:05 of 1st period - Shot by Jeff Skinner. 8:05 of 1st period - Shot Blocked by Marc Staal. 8:07 of 1st period - Shot by Evgeny Kuznetsov. 8:07 of 1st period - Goal by Evgeny Kuznetsov - PORTLAND PIRATES : 0 - ANAHEIM OUTLAWS : 1. 8:08 of 1st period - Robert Thomas wins face-off versus Pius Suter in neutral zone. 8:08 of 1st period - Robert Thomas is hit by Jack Quinn. 8:15 of 1st period - Off-side. 8:16 of 1st period - Mika Zibanejad wins face-off versus Evgeny Kuznetsov in neutral zone. 8:44 of 1st period - Icing by Jeff Skinner. 8:45 of 1st period - Robert Thomas wins face-off versus Evgeny Kuznetsov in ANAHEIM OUTLAWS zone. 8:51 of 1st period - Travis Konecny is hit by Noah Hanifin. 8:53 of 1st period - Shot by Robert Thomas. 8:53 of 1st period - Shot Blocked by Noah Hanifin. 8:55 of 1st period - Shot by Travis Konecny. 8:55 of 1st period - Stopped by Jacob Markstrom without a rebound. 8:56 of 1st period - Jack Quinn wins face-off versus Michael McLeod in ANAHEIM OUTLAWS zone. 9:19 of 1st period - Shot by William Carrier. 9:19 of 1st period - Shot Misses the Net. 9:21 of 1st period - Shot by Brian Dumoulin. 9:21 of 1st period - Stopped by Jacob Markstrom without a rebound. 9:22 of 1st period - Evgeny Kuznetsov wins face-off versus Mika Zibanejad in ANAHEIM OUTLAWS zone. 9:27 of 1st period - Shot by Kevin Fiala. 9:27 of 1st period - Deflect By Jeff Skinner. 9:27 of 1st period - Stopped by Martin Jones without a rebound. 9:28 of 1st period - Evgeny Kuznetsov wins face-off versus Mika Zibanejad in PORTLAND PIRATES zone. 10:19 of 1st period - Icing by Alec Martinez. 10:20 of 1st period - Adrian Kempe wins face-off versus Mika Zibanejad in PORTLAND PIRATES zone. 10:53 of 1st period - Shot by Adrian Kempe. 10:53 of 1st period - Goal by Adrian Kempe - PORTLAND PIRATES : 0 - ANAHEIM OUTLAWS : 2. 10:54 of 1st period - Pius Suter wins face-off versus Robert Thomas in neutral zone. 10:59 of 1st period - Shot by Kent Johnson. 10:59 of 1st period - Goal by Kent Johnson - PORTLAND PIRATES : 0 - ANAHEIM OUTLAWS : 3. 11:00 of 1st period - Robert Thomas wins face-off versus Evgeny Kuznetsov in neutral zone. 11:15 of 1st period - Shot by Travis Konecny. 11:15 of 1st period - Shot Blocked by Ian Mitchell. 11:17 of 1st period - Shot by Thomas Chabot. 11:17 of 1st period - Shot Misses the Net. 11:23 of 1st period - Shot by Pavel Zacha. 11:23 of 1st period - Shot Misses the Net. 11:25 of 1st period - Shot by Brian Dumoulin. 11:25 of 1st period - Shot Misses the Net. 12:40 of 1st period - Michael Bunting is hit by Travis Hamonic and loses puck. 13:30 of 1st period - Shot by Kent Johnson. 13:30 of 1st period - Shot Blocked by Brett Pesce. 13:38 of 1st period - Shot by Jack Quinn. 13:38 of 1st period - Shot Misses the Net. 13:44 of 1st period - Shot by Pius Suter. 13:44 of 1st period - Shot Misses the Net. 13:46 of 1st period - Shot by Pius Suter. 13:46 of 1st period - Deflect By Jack Quinn. 13:46 of 1st period - Shot Misses the Net. 13:48 of 1st period - Shot by Noah Hanifin. 13:48 of 1st period - Shot Blocked by Marc Staal. 13:50 of 1st period - Shot by Noah Hanifin. 13:50 of 1st period - Goal by Noah Hanifin - PORTLAND PIRATES : 0 - ANAHEIM OUTLAWS : 4. 13:50 of 1st period - Cameron Talbot enters game. 13:51 of 1st period - Evgeny Kuznetsov wins face-off versus Robert Thomas in neutral zone. 14:11 of 1st period - Shot by Robert Thomas. 14:11 of 1st period - Goal by Robert Thomas - PORTLAND PIRATES : 1 - ANAHEIM OUTLAWS : 4. 14:12 of 1st period - Evgeny Kuznetsov wins face-off versus Michael McLeod in neutral zone. 14:37 of 1st period - Shot by Jeff Skinner. 14:37 of 1st period - Stopped by Cameron Talbot without a rebound. 14:38 of 1st period - Robert Thomas wins face-off versus Adrian Kempe in PORTLAND PIRATES zone. 15:07 of 1st period - Shot by Michael Bunting. 15:07 of 1st period - Stopped by Cameron Talbot without a rebound. 15:08 of 1st period - Pius Suter wins face-off versus Chandler Stephenson in PORTLAND PIRATES zone. 15:11 of 1st period - Shot by Kent Johnson. 15:11 of 1st period - Shot Misses the Net. 15:35 of 1st period - Shot by Kent Johnson. 15:35 of 1st period - Deflect By Jack Quinn. 15:35 of 1st period - Shot Blocked by Marc Staal. 16:41 of 1st period - William Carrier is hit by Rasmus Ristolainen. 17:00 of 1st period - Robert Thomas is hit by Rasmus Ristolainen and loses puck. 17:22 of 1st period - Shot by Pavel Zacha. 17:22 of 1st period - Stopped by Jacob Markstrom without a rebound. 17:23 of 1st period - Mika Zibanejad wins face-off versus Adrian Kempe in ANAHEIM OUTLAWS zone. 17:37 of 1st period - Icing by Henri Jokiharju. 17:38 of 1st period - Adrian Kempe wins face-off versus William Carrier in ANAHEIM OUTLAWS zone. 17:38 of 1st period - Noah Hanifin is hit by William Carrier and loses puck. 17:53 of 1st period - Shot by Adrian Kempe. 17:53 of 1st period - Stopped by Cameron Talbot without a rebound. 17:54 of 1st period - Robert Thomas wins face-off versus Jack Quinn in PORTLAND PIRATES zone. 17:59 of 1st period - Shot by Robert Thomas. 17:59 of 1st period - Shot Misses the Net. 18:13 of 1st period - Shot by Jack Quinn. 18:13 of 1st period - Shot Misses the Net. 18:32 of 1st period - Shot by Kent Johnson. 18:32 of 1st period - Stopped by Cameron Talbot with a rebound. 18:33 of 1st period - Minor Penalty to Brian Dumoulin for Slashing. 18:34 of 1st period - Evgeny Kuznetsov wins face-off versus Michael McLeod in PORTLAND PIRATES zone. 18:49 of 1st period - Shot by Kevin Fiala. 18:49 of 1st period - Deflect By Evgeny Kuznetsov. 18:49 of 1st period - Shot Misses the Net. 19:13 of 1st period - Shot by Noah Hanifin. 19:13 of 1st period - Shot Blocked by Nathan Bastian. 19:15 of 1st period - Shot by Noah Hanifin. 19:15 of 1st period - Stopped by Cameron Talbot with a rebound. 19:17 of 1st period - Shot by Henri Jokiharju. 19:17 of 1st period - Shot Blocked by Travis Hamonic. 19:33 of 1st period - Shot by Morgan Rielly. 19:33 of 1st period - Stopped by Cameron Talbot without a rebound. 19:34 of 1st period - Yanni Gourde wins face-off ve